Construct Section Command Post
Selects Canadian Shock Battlegroup
Construct Field Infirmary
Selects Canadian Shock Section
Construct Platoon Command Post
Selects Incendiary Munitions
6-pounder Anti-tank Gun Team
Construct Company Command Post
6-pounder Anti-tank Gun Team
Unlock Towed 17-pounder Anti-tank Guns
17-pounder Anti-tank Gun Team
17-pounder Anti-tank Gun Team
Selects Churchill Crocodile Heavy Tank
17-pounder Anti-tank Gun Team
Churchill Crocodile Heavy Tank